 Dungeon Crawl Stone Soup version 0.18.1-1-g2f07953 (webtiles) character file.

3008 Eucla the Arsonist (level 9, -1/45 HPs)
             Began as a Deep Elf Fire Elementalist on May 6, 2016.
             Was a Believer of Qazlal.
             Shot with an arrow by a centaur (2 damage)
             ... on level 7 of the Dungeon.
             The game lasted 00:12:19 (6485 turns).

Eucla the Arsonist (Deep Elf Fire Elementalist)     Turns: 6485, Time: 00:12:19

Health: -1/45      AC:  4    Str:  5    XL:     9   Next: 54%
Magic:  22/22      EV: 12    Int: 24    God:    Qazlal [**....]
Gold:   311        SH:  2    Dex: 15    Spells: 4 memorised, 10 levels left

rFire  . . .     SeeInvis .     (no weapon)
rCold  . . .     Gourm    .     z - +0 leather armour {rN+}
rNeg   + . .     Faith    .     (no shield)
rPois  +         Spirit   .     e - +0 helmet
rElec  +         Dismiss  .     (no cloak)
rCorr  .         Reflect  .     (no gloves)
SustAt .         Harm     .     (no boots)
MR     .....                    (no amulet)
Stlth  ++........               r - ring of poison resistance
                                (no ring)

@: not resistant to hostile enchantments, unstealthy
A: electricity resistance
a: Upheaval, Renounce Religion


You were on level 7 of the Dungeon.
You worshipped Qazlal.
Qazlal was pleased with you.
You were not hungry.

You visited 2 branches of the dungeon, and saw 8 of its levels.

You collected 311 gold pieces.

Inventory:

Armour
 e - a +0 helmet (worn)
 z - a +0 leather armour of positive energy (worn)
Jewellery
 r - a ring of poison resistance (right hand)
 A - an uncursed ring of stealth
 F - an uncursed ring of protection from fire
Scrolls
 t - a scroll of amnesia
 v - 2 scrolls of remove curse
Potions
 d - 2 potions of curing {unknown}
 g - 2 potions of degeneration
 p - a potion of berserk rage
 q - 2 potions of magic
 x - a potion of invisibility
 B - a potion of resistance
 C - a potion of cancellation
 D - 2 potions of cure mutation
Books
 b - a book of Flames

   Spells                             Type                      Level
   a - Flame Tongue                   Conjuration/Fire             1
   b - Throw Flame                    Conjuration/Fire             2
   c - Conjure Flame                  Conjuration/Fire             3
   d - Inner Flame                    Hexes/Fire                   3
   e - Sticky Flame                   Conjuration/Fire             4
   f - Fireball                       Conjuration/Fire             5
 y - a book of Maledictions

   Spells                             Type                      Level
   a - Corona                         Hexes                        1
   b - Ensorcelled Hibernation        Hexes/Ice                    2
   c - Confuse                        Hexes                        3
   d - Tukima's Dance                 Hexes                        3
   e - Dazzling Spray                 Conjuration/Hexes            3
Comestibles
 c - 8 bread rations
 m - 4 meat rations


   Skills:
 - Level 2.4 Dodging
 - Level 2.4 Stealth
 - Level 7.7 Spellcasting
 + Level 8.6 Conjurations
 + Level 8.9 Fire Magic
 + Level 5.9 Invocations


You had 10 spell levels left.
You knew the following spells:

 Your Spells              Type           Power        Failure   Level  Hunger
a - Flame Tongue          Conj/Fire      #####        1%          1    None
b - Conjure Flame         Conj/Fire      ######..     1%          3    None
c - Sticky Flame          Conj/Fire      ######..     3%          4    ###....
d - Fireball              Conj/Fire      ######....   10%         5    #####..


Dungeon Overview and Level Annotations

Branches:
Dungeon (7/15)             Temple (1/1) D:4

Altars:
Cheibriados
Elyvilon
Kikubaaqudgha
Nemelex Xobeh
Okawaru
Pakellas
Qazlal
Sif Muna
Trog
Vehumet
Yredelemnul
The Shining One

Annotations:
D:7 Eustachio


Innate Abilities, Weirdness & Mutations

You are resistant to electric shocks.


Message History

A centaur is nearby!
A centaur is nearby!
A centaur is nearby!
A centaur is nearby!
Casting: Flame Tongue
Confirm with . or Enter, or press ? or * to list all spells.
You can't see any susceptible monsters within range! (Use Z to cast anyway.)
The centaur shoots an arrow.
The arrow hits you!
The centaur shoots an arrow.
The arrow hits you!
You see here 2 arrows.
The centaur shoots an arrow.
The arrow hits you but does no damage.
You see here an arrow.
The centaur shoots an arrow.
The arrow hits you!
* * * LOW HITPOINT WARNING * * *
You see here 2 arrows.
Unknown command.
The centaur shoots an arrow.
The arrow hits you!
* * * LOW HITPOINT WARNING * * *
The centaur shoots an arrow.
The arrow hits you.
You die...

###......,,,,* #...
#.....$c#,**** ###.#
#.......#,* #....
#.......#.###########.#..
#.......#>...............
#.......#.##...########.#
#......(#...............)
#$.....(####...########.#
###.....@......# #.#
#########....########.#
####.#............
#).....#########.)
#######......###########
#............##........#
#####......###'#.##.#####...
#..........+...#.##.# #...
#.###......#####.##.# #...


You could see a centaur.

Vanquished Creatures
  A hill giant (D:6)
  The ghost of AlphabetPasta the Insei, an amateur OpTm of Nemelex Xobeh (D:4)
  A water moccasin (D:5)
  3 orc warriors (D:7)
  4 sky beasts
  2 black bears
  An ogre (D:4)
  2 phantoms
  4 giant frogs
  A scorpion (D:4)
  A killer bee (D:6)
  2 wights (D:7)
  A howler monkey (D:7)
  2 crimson imps
  3 hounds
  4 orc wizards
  4 orc priests
  A worker ant (D:5)
  2 hound zombies
  A hound skeleton (D:5)
  6 gnolls
  2 worker ant zombies
  11 adders
  A shadow imp (D:7)
  An ooze (D:3)
  An adder zombie (D:5)
  3 worms
  4 dart slugs
  4 giant geckos
  18 orcs
  2 ball pythons
  7 giant cockroaches
  8 goblins
  6 hobgoblins
  14 jackals
  8 bats
  5 giant newts
  A jackal skeleton (D:4)
  8 kobolds
  2 quokka zombies
  7 rats
  A plant (D:5)
161 creatures vanquished.

Vanquished Creatures (others)
  A hungry ghost (D:2)
  2 plants (D:5)
3 creatures vanquished.

Grand Total: 164 creatures vanquished

Notes
Turn   | Place    | Note
--------------------------------------------------------------
     0 | D:1      | Eucla the Deep Elf Fire Elementalist began the quest for the Orb.
     0 | D:1      | Reached XP level 1. HP: 10/10 MP: 6/6
   173 | D:1      | Reached XP level 2. HP: 15/15 MP: 1/8
   755 | D:1      | You fall through a shaft!
   834 | D:2      | Reached XP level 3. HP: 15/19 MP: 0/10
   901 | D:2      | Found an oddly glowing altar of Pakellas.
   901 | D:2      | Noticed a hungry ghost
   914 | D:2      | Killed a hungry ghost
  1182 | D:2      | Reached XP level 4. HP: 16/24 MP: 8/12
  1493 | D:3      | Found a stormy altar of Qazlal.
  1608 | D:3      | Became a worshipper of Qazlal Stormbringer
  1702 | D:3      | Learned a level 3 spell: Conjure Flame
  1854 | D:3      | Reached XP level 5. HP: 10/28 MP: 0/14
  2276 | D:3      | Learned a level 4 spell: Sticky Flame
  2282 | D:3      | Learned a level 5 spell: Fireball
  2371 | D:3      | Reached skill level 5 in Spellcasting
  2520 | D:4      | Noticed AlphabetPasta's ghost (amateur OpTm)
  2543 | D:4      | Killed AlphabetPasta's ghost
  2543 | D:4      | Reached XP level 6. HP: 32/32 MP: 2/16
  2606 | D:4      | Reached skill level 5 in Fire Magic
  3033 | D:4      | Found an oddly glowing altar of Pakellas.
  3109 | D:4      | Found a staircase to the Ecumenical Temple.
  3141 | D:4      | Found an ancient bone altar of Kikubaaqudgha.
  3142 | D:4      | Found an iron altar of Okawaru.
  3225 | D:4      | Reached * piety under Qazlal
  3300 | D:4      | Reached skill level 5 in Conjurations
  3300 | D:4      | Reached XP level 7. HP: 27/36 MP: 11/18
  3783 | D:5      | Entered Level 5 of the Dungeon
  4118 | D:5      | Reached XP level 8. HP: 41/41 MP: 4/21
  4348 | D:5      | Found a basalt altar of Yredelemnul.
  4575 | D:5      | Found a bloodstained altar of Trog.
  4626 | D:5      | Found a glowing golden altar of the Shining One.
  4710 | D:5      | Found a white marble altar of Elyvilon.
  4812 | D:6      | Reached skill level 1 in Invocations
  4971 | Temple   | Entered the Ecumenical Temple
  5132 | D:6      | Found a deep blue altar of Sif Muna.
  5257 | D:6      | Found a snail-covered altar of Cheibriados.
  5308 | D:6      | Found a radiant altar of Vehumet.
  5308 | D:6      | Noticed a hill giant
  5326 | D:6      | Killed a hill giant
  5462 | D:6      | Reached ** piety under Qazlal
  5462 | D:6      | Reached XP level 9. HP: 45/45 MP: 19/22
  5471 | D:6      | Gained mutation: You are resistant to electric shocks. [mutagenic meat]
  5738 | D:7      | Reached skill level 5 in Invocations
  5868 | D:7      | Found a sparkling altar of Nemelex Xobeh.
  5937 | D:7      | Noticed Eustachio
  6485 | D:7      | HP: 1/45 [centaur/arrow (10)]
  6485 | D:7      | Shot with an arrow by a centaur

Skill      XL: |  1  2  3  4  5  6  7  8  9 |
---------------+----------------------------+-----
Conjurations   | 2 3 4 5 6 7 8 |  8.6
Spellcasting   | 4 5 6 7 |  7.7
Fire Magic     | 4 5 6 7 8 |  8.9
Invocations    | 4 5 |  5.9
Dodging        | |  2.4
Stealth        | |  2.4

Action                   |  1- 3 |  4- 6 |  7- 9 || total
-------------------------+-------+-------+-------++-------
Melee: Unarmed           |    13 |       |       ||    13
       Short sword       |     2 |     3 |    72 ||    77
 Cast: Flame Tongue      |    65 |   100 |   243 ||   408
       Conjure Flame     |       |     3 |     4 ||     7
       Sticky Flame      |       |     1 |     9 ||    10
Invok: Upheaval          |       |       |     2 ||     2
  Use: Scroll            |       |       |    16 ||    16
       Potion            |       |       |     2 ||     2
  Eat: Chunk             |     1 |     1 |     6 ||     8
       Beef jerky        |       |     1 |       ||     1
       Meat ration       |       |     1 |       ||     1
       Royal jelly       |       |       |     2 ||     2
       Pizza             |       |       |     1 ||     1
Armor: Robe              |    14 |     2 |       ||    16
       Leather armour    |       |     1 |    51 ||    52
Dodge: Dodged            |    45 |    15 |   140 ||   200
Block: Other             |       |       |    17 ||    17
